 Dungeon Crawl Stone Soup version 0.30-a0-857-gcaf70739d4 (webtiles) character file.

Game seed: 11822967107582194496

805 arthad the Caller (level 7, -10/30 HPs)
             Began as a Felid Summoner on Mar 6, 2023.
             Was an Initiate of Gozag.
             Mangled by an ice beast (13 damage)
             ... on level 6 of the Dungeon.
             The game lasted 00:19:39 (5733 turns).

arthad the Caller (Felid Summoner)                  Turns: 5733, Time: 00:19:40

Health: -10/30     AC:  2    Str:  4    XL:     7   Next: 60%
Magic:  2/14       EV: 20    Int: 18    God:    Gozag
Gold:   467        SH:  0    Dex: 23    Spells: 5/14 levels left
                                        Lives:  0   Deaths: 2

rFire   + . .      SeeInvis +      - Unarmed
rCold   . . .      Faith    .    (shield unavailable)
rNeg    . . .      Spirit   .    (body armour unavailable)
rPois   .          Reflect  .    (helmet unavailable)
rElec   .          Rampage  .    (cloak unavailable)
rCorr   .                        (gloves unavailable)
Will    +....                    (boots unavailable)
Stlth   +++                      (no amulet)
HPRegen 0.25/turn                u - ring of protection from fire
MPRegen 0.14/turn                r - +6 ring of dexterity

@: quick
A: very small, claws 1, fangs 3, see invisible, speed 1, shaggy fur 2, stealthy
paws, no weapons or thrown items, no armour, multi-lived
a: Renounce Religion, Potion Petition, Call Merchant, Bribe Branch


You were on level 6 of the Dungeon.
You worshipped Gozag.
Gozag was aware of your devotion.
You visited 2 branches of the dungeon, and saw 7 of its levels.

You collected 536 gold pieces.
You paid 69 gold pieces to Gozag.

Inventory:

Jewellery
 o - a ring of positive energy
 r - a +6 ring of dexterity (right paw)
 u - a ring of protection from fire (left paw)
Wands
 w - a wand of flame (4)
Scrolls
 b - a scroll of amnesia {unknown}
 c - a scroll of butterflies {unknown}
 d - a scroll of fear {unknown}
 e - 3 scrolls of identify {unknown}
 f - 2 scrolls of enchant weapon {unknown}
 g - a scroll of immolation {unknown}
 i - a scroll of poison {unknown}
 j - a scroll of noise {unknown}
 k - a scroll of teleportation {unknown}
 m - a scroll of magic mapping {unknown}
 n - a scroll of fog {unknown}
 q - a scroll of enchant armour {unknown}
Potions
 a - a potion of magic
 h - a potion of lignification {unknown}
 l - a potion of haste
 p - a potion of flight {unknown}
 s - a potion of cancellation {unknown}
 t - a potion of heal wounds
 v - 3 potions of curing
 x - a potion of degeneration {unknown}


   Skills:
 + Level 2.2 Fighting
 + Level 4.4 Dodging
 - Level 2.6 Stealth
 + Level 2.2 Unarmed Combat
 * Level 4.2 Spellcasting
 - Level 5.0 Hexes
 * Level 6.8 Summonings
 * Level 3.5 Air Magic


You had 5 spell levels left.
You knew the following spells:

 Your Spells              Type           Power      Damage    Failure   Level
a - Summon Small Mammal   Summ           100%       N/A       1%          1
b - Call Imp              Summ           28%        N/A       1%          2
c - Call Canine Familiar  Summ           28%        N/A       2%          3
d - Summon Guardian Gole  Hex/Summ       25%        N/A       3%          3

Your spell library contained the following spells:

 Spells                   Type           Power      Damage    Failure   Level
 Magic Dart               Conj           12%        1d3       14%         1
 Summon Lightning Spire   Summ/Air       22%        N/A       17%         4
 Mephitic Cloud           Conj/Pois/Air  8%         N/A       26%         3


Dungeon Overview and Level Annotations

Branches:
Dungeon (6/15)             Temple (1/1) D:4

Altars:
Ashenzari
Cheibriados
Dithmenos
Elyvilon
Fedhas
Gozag
Hepliaklqana
Kikubaaqudgha
Makhleb
Nemelex Xobeh
Okawaru
Qazlal
Ru
Sif Muna
Trog
Uskayaw
Vehumet
Wu Jian
Xom
Yredelemnul
The Shining One

Annotations:
D:3 3 runed translucent doors, tarna41's ghost, amateur DsCK


Innate Abilities, Weirdness & Mutations

You have sharp claws.
You have razor-sharp teeth.
You have supernaturally acute eyesight. (SInv)
You cover ground quickly. (Speed+)
You are covered in thick fur. (AC +2)
Your paws help you pounce on unaware monsters.
You are incapable of wielding weapons or throwing items.
You cannot wear armour.
You gain extra lives every three experience levels.


Message History

Confirm with . or Enter, or press ? or * to list all spells.
You don't have enough magic to cast this spell.
Casting: Call Canine Familiar (dangerous; 2% risk of failure)
Confirm with . or Enter, or press ? or * to list all spells.
Okay, then.
Things that are here:
17 gold pieces; a +0 giant spiked club You barely miss the ice beast.
The ice beast hits you. The ice beast freezes you!
You scratch the ice beast but do no damage.
The ice beast hits you. The ice beast freezes you.
* * * LOW HITPOINT WARNING * * *
Unknown command.
Unknown command.
There is a stone staircase leading up here.
Aiming: Throw Flame
Press: ? - help, Shift-Dir - straight line, f/p - ice beast
Aim: an ice beast (ally target, 68% to hit)
The puff of flame misses the ice beast.
The ice beast misses you.
Aiming: Throw Flame
Press: ? - help, Shift-Dir - straight line, f/p - ice beast
Aim: an ice beast (ally target, 68% to hit)
The puff of flame hits the ice beast but does no damage.
The ice beast misses you.
Aiming: Throw Flame
Press: ? - help, Shift-Dir - straight line, f/p - ice beast
Aim: an ice beast (ally target, 68% to hit)
The puff of flame hits the ice beast!
The ice beast melts!
The ice beast is moderately wounded.
The ice beast misses you.
Aiming: Throw Flame
Press: ? - help, Shift-Dir - straight line, f/p - ice beast
Aim: an ice beast (moderately wounded, ally target, 68% to hit)
The puff of flame hits the ice beast.
The ice beast melts!
The ice beast is heavily wounded.
The ice beast hits you.
* * * LOW HITPOINT WARNING * * *
The ice beast freezes you!
You die...
Your body crumbles into a pile of gold.

### #..
#.# #.#
#.# #$#
#.####.#.
#@$.....[
#Y####.#.
#9#
#.##.#.#
#......#
####.#...
.. .# ..


You could see an ice beast (ally target) and a friendly guardian golem
(summoned).

Vanquished Creatures
  An adder (D:5)
  A dart slug (D:1)
  An orc (D:5)
  2 giant cockroaches (D:1)
  A goblin (D:1)
  A quokka (D:1)
  A frilled lizard (D:1)
8 creatures vanquished.

Vanquished Creatures (collateral kills)
  An ice beast (D:5)
  A black bear (D:5)
  A phantom (D:4)
  A scorpion (D:5)
  2 hounds (D:5)
  3 orc priests
  3 orc wizards
  Robin (D:2)
  3 adders (D:5)
  A worm (D:2)
  2 dart slugs (D:4)
  8 orcs
  5 ball pythons
  A bat (D:3)
  3 endoplasms
  4 giant cockroaches (D:2)
  18 goblins
  8 hobgoblins
  6 jackals (D:2)
  5 kobolds
  3 quokkas
  6 frilled lizards (D:1)
  6 rats
92 creatures vanquished.

Vanquished Creatures (others)
  Menkaure (D:5)
  2 ice beasts
  2 ogres
  A centaur (D:5)
  An orc wizard (D:3)
  A white imp (D:6)
  A bush (D:4)
  6 fungi (D:2)
  5 plants
20 creatures vanquished.

Grand Total: 120 creatures vanquished

Notes
Turn   | Place    | Note
-------+----------+-------------------------------------------
     0 | D:1      | arthad the Felid Summoner began the quest for the Orb.
     0 | D:1      | Reached XP level 1. HP: 7/7 MP: 4/4
   110 | D:1      | Reached XP level 2. HP: 3/11 MP: 3/6
   126 | D:1      | Learned a level 2 spell: Call Imp
   776 | D:1      | Reached skill level 5 in Summonings
   779 | D:1      | Reached XP level 3. HP: 14/14 MP: 2/7
   783 | D:1      | Learned a level 3 spell: Call Canine Familiar
  1383 | D:2      | Noticed Robin
  1390 | D:2      | Killed Robin
  1403 | D:2      | Reached skill level 1 in Hexes
  1421 | D:2      | Reached XP level 4. HP: 17/18 MP: 2/8
  1792 | D:2      | Found a faded altar of an unknown god.
  2070 | D:3      | Reached skill level 1 in Air Magic
  2079 | D:3      | Reached XP level 5. HP: 10/21 MP: 0/9
  2352 | D:3      | Found a runed translucent gate.
  2353 | D:3      | Found a runed translucent gate.
  2353 | D:3      | Found a runed translucent gate.
  2355 | D:3      | Noticed tarna41's ghost (amateur DsCK)
  2496 | D:3      | Learned a level 3 spell: Summon Guardian Golem
  2969 | D:4      | Slain by an orc
  2970 | D:4      | Reached XP level 4. HP: -3/18 MP: 2/8
  2986 | D:4      | Noticed a phantom
  3001 | D:4      | Killed a phantom
  3002 | D:4      | Reached XP level 5. HP: 21/21 MP: 2/10
  3262 | D:4      | Found a staircase to the Ecumenical Temple.
  3367 | Temple   | Entered the Ecumenical Temple
  3608 | Temple   | Became a worshipper of Gozag Ym Sagoz the Greedy
  4224 | D:5      | Entered Level 5 of the Dungeon
  4322 | D:5      | Gained mutation: You are covered in thick fur. (AC +2)
                  | [Felid growth]
  4322 | D:5      | Reached XP level 6. HP: 22/25 MP: 3/11
  4335 | D:5      | Reached skill level 6 in Summonings
  4340 | D:5      | Reached skill level 1 in Fighting
  4340 | D:5      | Reached skill level 1 in Unarmed Combat
  4626 | D:5      | Reached XP level 7. HP: 28/28 MP: 7/13
  5005 | D:5      | Noticed Menkaure
  5021 | D:5      | Killed Menkaure
  5127 | D:5      | Shot with an arrow by a centaur
  5128 | D:5      | Reached XP level 6. HP: -3/25 MP: 7/12
  5174 | D:5      | Noticed an ice beast
  5225 | D:5      | Killed an ice beast
  5226 | D:5      | Reached skill level 5 in Hexes
  5292 | D:5      | Noticed an ice beast
  5343 | D:5      | Killed an ice beast
  5344 | D:5      | Reached XP level 7. HP: 29/29 MP: 1/13
  5733 | D:6      | Mangled by an ice beast

Illustrated notes

Levels and vault maps discovered:
D:1:      nicolae_arrival_somewhat_less_tricky_arrival, layout_rooms
D:2:      layout_loops_ring, shapermc_ecumenical_altar_acropolis,
          minmay_worlds_worst_comb, uniq_robin
D:3:      layout_basic, ebering_ghost_rock_garden, chequers_arboretum,
          grunt_decor_mini_mirrors
D:4:      layout_cave_pods, minmay_temple_entry_enclosed_plants,
          serial_bayou_ford_a
D:5:      layout_loops_ring, uniq_menkaure
D:6:      layout_basic, old_standard_altar, nzn_random_ring, uniq_eustachio
Temple:   mainiacjoe_temple_hex_bubbles

Skill      XL: |  1  2  3  4  5  6  7 |
---------------+----------------------+-----
Summonings     | 5 6 |  6.8
Hexes          | 1 2 3 5 |  5.0
Air Magic      | 1 2 3 |  3.5
Dodging        | 3 4 |  4.4
Spellcasting   | 3 4 |  4.2
Fighting       | 1 2 |  2.2
Unarmed Combat | 1 2 |  2.2
Stealth        | |  2.6

Action                     |  1- 3 |  4- 6 |  7- 9 || total
---------------------------+-------+-------+-------++-------
  Melee: Unarmed           |    32 |    23 |    10 ||    65
         Bite              |     1 |     4 |     1 ||     6
   Cast: Summon Small Mamm |    36 |    11 |       ||    47
         Call Imp          |    10 |    12 |     4 ||    26
         Call Canine Famil |     7 |    23 |    12 ||    42
         Summon Guardian G |       |    11 |     8 ||    19
  Evoke: Wand              |       |       |     4 ||     4
    Use: Potion            |     1 |     4 |       ||     5
 Armour: Skin              |       |       |     1 ||     1
  Dodge: Dodged            |    38 |    31 |    10 ||    79

Table legend: (Time is in decaauts)
 A = Elapsed time spent in this place.
 B = Non-inter-level travel time spent in this place.
 C = Inter-level travel time spent in this place.
 D = Time resting spent in this place.
 E = Time spent auto-exploring this place.
 F = Levels seen in this place.
 G = Mean time per level.
                   A        B        C        D        E       F      G
               +--------+--------+--------+--------+--------+-----+--------+
         Total |   5072 |   4940 |    132 |     35 |   3936 |   7 |  724.6 |
       Dungeon |   4856 |   4741 |    115 |     35 |   3744 |   6 |  809.3 |
        Temple |    215 |    198 |     17 |      0 |    192 |   1 |  215.0 |
               +--------+--------+--------+--------+--------+-----+--------+

Top non-repeatable levels by time:
     D:5: 1297 daAuts
     D:1: 908 daAuts
     D:4: 896 daAuts
     D:2: 866 daAuts
     D:3: 805 daAuts
  Temple: 215 daAuts
     D:6: 83 daAuts
